 Dungeon Sprint DCSS version 0.16-a0-4108-g6e49b0d (webtiles) character file.

65685 BluebellGnoll the Ruinous (level 15, -1/81 HPs)
             Began as an Octopode Ice Elementalist on Feb 25, 2015.
             Was the Champion of Vehumet.
             Engulfed by a cloud of freezing vapour (33 damage)
             ... in the Dungeon (Sprint IX: "|||||||||||||||||||||||||||||") on Feb 26, 2015.
             The game lasted 01:19:18 (4937 turns).

BluebellGnoll the Ruinous (OpIE)                    Turns: 4937, Time: 01:19:18

Health: -1/81      AC:  9    Str:  7    XL:     15   Next: 17%
Magic:  6/39       EV: 25    Int: 34    God:    Vehumet [******]
Gold:   370        SH: 22    Dex: 19    Spells: 11 memorised, 5 levels left

rFire  + . .     SeeInvis .     m - staff of energy
rCold  x . .     Clarity  .     L - +7 large shield {reflect}
rNeg   + . .     SustAb   .     n - +0 hat {Int+3}
rPois  +         Gourm    .     (no amulet)
rElec  .         Spirit   .     N - +2 ring of slaying
rCorr  .         Warding  .     s - +3 ring of intelligence
rMut   .         NoTele   +     J - ring of poison resistance
MR     ++...                    K - ring of fire
Stlth  +++++.....               A - ring of Ukhuqin {Contam +Blink rN+ MR+ Int+4}
                                v - +6 ring of dexterity
                                x - +4 ring of evasion
                                M - +2 ring of slaying

@: icy armour, very resistant to hostile enchantments, quite stealthy
A: almost no armour, amphibious, 8 rings, constrict 8, camouflage 1, gelatinous
body 1
a: Renounce Religion, Evoke Blink


You were in the Dungeon.
You worshipped Vehumet.
Vehumet was exalted by your worship.
You were not hungry.

You visited 1 branch You collected 1906 gold pieces.
You spent 1536 gold pieces at shops.

Inventory:

Hand weapons
 a - the +2 glaive "Warana" {venom, rPois Int+5}
   (You found it in the Dungeon)

   It poisons the flesh of those it strikes.
   It affects your intelligence (+5).
   It protects you from poison.
 o - a +2 morningstar of protection
 p - a +2 rapier of draining
Missiles
 y - 16 tomahawks
 E - 4 throwing nets (quivered)
Armour
 n - a +0 hat of intelligence (worn)
 L - a +7 large shield of reflection (worn)
Magical staves
 m - an uncursed staff of energy (weapon)
 w - an uncursed staff of fire
Jewellery
 d - an uncursed amulet of regeneration
 s - a +3 ring of intelligence (right tentacle)
 v - a +6 ring of dexterity (on tentacle)
 x - a +4 ring of evasion (on tentacle)
 A - the ring of Ukhuqin (on tentacle) {Contam +Blink rN+ MR+ Int+4}
   (You found it in the Dungeon)

   [ring of protection from magic]

   It affects your intelligence (+4).
   It protects you from negative energy.
   It affects your resistance to hostile enchantments.
   It lets you blink.
   It causes magical contamination when unequipped.
 J - a ring of poison resistance (on tentacle)
 K - a ring of fire (on tentacle)
 M - a +2 ring of slaying (on tentacle)
 N - a +2 ring of slaying (left tentacle)
Magical devices
 l - a wand of cold (2)
 D - a wand of flame (29)
 F - a wand of random effects (23)
Scrolls
 i - 5 scrolls of blinking
 j - 8 scrolls of remove curse
 k - 2 scrolls of amnesia
 z - a scroll of fear
 P - a scroll of recharging
 Q - 4 scrolls of enchant weapon
 R - a scroll of identify
Potions
 e - 4 potions of invisibility
 f - 11 potions of heal wounds
 g - 4 potions of magic
 h - 5 potions of curing
 q - a potion of brilliance
 r - 2 potions of resistance
 t - 7 potions of haste
 u - 2 potions of might
 I - 2 potions of cancellation
 O - 2 potions of cure mutation
Books
 b - a book of Frost

   Spells                             Type                      Level
   a - Freeze                         Ice                          1
   b - Throw Frost                    Conjuration/Ice              2
   c - Ozocubu's Armour               Charms/Ice                   3
   d - Throw Icicle                   Conjuration/Ice              4
   e - Summon Ice Beast               Ice/Summoning                4
   f - Condensation Shield            Ice                          4
 G - a Young Poisoner's Handbook

   Spells                             Type                      Level
   a - Sting                          Conjuration/Poison           1
   b - Cure Poison                    Poison                       2
   c - Mephitic Cloud                 Conjuration/Poison/Air       3
   d - Olgreb's Toxic Radiance        Poison                       4
   e - Venom Bolt                     Conjuration/Poison           5
 H - a book of Hinderance

   Spells                             Type                      Level
   a - Confusing Touch                Hexes                        2
   b - Confuse                        Hexes                        3
   c - Petrify                        Transmutation/Earth          4
   d - Metabolic Englaciation         Hexes/Ice                    5
   e - Gell's Gravitas                Hexes/Translocation          5
   f - Summon Mana Viper              Hexes/Summoning              5
Comestibles
 c - 13 bread rations
 B - 38 fruits
 C - 12 meat rations
 S - 3 chunks of flesh


   Skills:
 - Level 14.2 Dodging
 - Level 6.1 Stealth
 - Level 9.2 Shields
 + Level 18.2 Spellcasting
 - Level 21.5 Conjurations
 - Level 8.9 Fire Magic
 - Level 20.1 Ice Magic
 - Level 6.4 Air Magic
 - Level 8.5 Evocations


You had 5 spell levels left.
You knew the following spells:

 Your Spells              Type           Power        Failure   Level  Hunger
a - Freeze                Ice            ####         0%          1    None
b - Throw Frost           Conj/Ice       ######       0%          2    None
c - Ozocubu's Armour      Chrm/Ice       #####...     1%          3    None
d - Condensation Shield   Ice            ######....   1%          4    None
e - Throw Icicle          Conj/Ice       ######..     1%          4    None
f - Summon Ice Beast      Ice/Summ       #####...     1%          4    None
g - Mephitic Cloud        Conj/Pois/Air  #######.     1%          3    None
h - Bolt of Magma         Conj/Fire/Erth #######...   1%          5    None
i - Iskenderun's Mystic   Conj           ########     0%          4    None
j - Glaciate              Conj/Ice       ######....   56%         9    None
l - Freezing Cloud        Conj/Ice/Air   ######....   1%          6    None


Dungeon Overview and Level Annotations

Branches:
Dungeon (1/1)

Altars:
Cheibriados
Dithmenos
Elyvilon
Fedhas
Gozag
Kikubaaqudgha
Makhleb
Nemelex Xobeh
Okawaru
Qazlal
Ru
Sif Muna
Trog
Vehumet
Xom
Yredelemnul
Zin
The Shining One
Beogh
Jiyva
Lugonu

Shops:
D !(!:

Annotations:
D Margery


Innate Abilities, Weirdness & Mutations

You cannot wear most types of armour.
You are amphibious.
You can wear up to eight rings at the same time.
You can use your tentacles to constrict many enemies at once.
Your skin changes colour to match your surroundings (Stealth).
Your rubbery body absorbs attacks (AC +1).


Message History

You feel your power returning.
Your Spellcasting skill increases to level 18!
You feel a bit more experienced. Vehumet accepts your kill.
You feel a bit more experienced.
Wield which item (- for none, * to show all)? (? for menu, Esc to quit)
You feel less protected.
m - an uncursed staff of energy (weapon)
You channel some magical energy.
You feel slightly more hungry.
Casting: Freezing Cloud
Confirm with . or Enter, or press ? or * to list all spells.
Aiming: Freezing Cloud
Press: ? - help, Dir - move target cursor You feel a numb sensation.
That beam is likely to hit you.
Continue anyway?
You are engulfed in freezing vapours.
Margery is engulfed in freezing vapours.
Margery drinks a potion.
Margery is healed!
You are engulfed in freezing vapours.
You die...

.▓[▓.▓'▓.▓.▓)▓.▓§▓
.▓)▓.▓)▓.▓.▓.▓)▓§▓
.▓)▓.▓.▓.▓.▓.▓)▓§▓
.▓[▓.▓)▓.▓)▓.▓.▓§▓
.▓[▓.▓.▓.▓.▓.▓.▓§▓
.▓[▓.▓.▓.▓.▓.▓.▓§▓
.▓[▓.▓.▓.▓[▓.▓.▓§▓
.▓.▓.▓.▓.▓÷▓.▓[▓§▓
.▓.▓.▓.▓.▓.▓.▓[▓@▓
.▓.▓.▓.▓.▓)▓.▓[▓.▓
.▓.▓.▓'▓.▓.▓.▓[▓.♣
.▓.▓.▓.▓.▓'▓.▓[▓.♣
.▓.▓.▓.▓.▓)▓.▓.▓.♣
.▓.▓.▓.▓.▓)▓.▓.▓.♣
.▓(▓.▓.▓.▓)▓.▓.▓.♣
.▓.▓.▓.▓.▓)▓.▓.▓.♣
.▓%▓.▓.▓.▓[▓.▓.▓.♣


There were no monsters in sight!

Vanquished Creatures
  Norris (D)
  Mennas (D)
  Jory (D)
  Frederick (D)
  2 liches (D)
  A sphinx (D)
  A fire giant (D)
  An ironheart preserver (D)
  2 very ugly things (D)
  A stone giant (D)
  A dire elephant (D)
  2 ettins (D)
  A minotaur (D)
  A merfolk impaler (D)
  2 yaktaur captains (D)
  2 fire dragons (D)
  An ogre mage (D)
  2 rakshasas (D)
  Harold (D)
  2 centaur warriors (D)
  3 hydras (D)
  Erica (D)
  A death yak (D)
  An orc high priest (D)
  2 deep troll earth magi (D)
  A catoblepas (D)
  Erolcha (D)
  3 hell knights (D)
  A skeletal warrior (D)
  A giant orange brain (D)
  6 orc knights (D)
  A shambling mangrove (D)
  A necromancer (D)
  An ironbrand convoker (D)
  A sea snake (D)
  A hill giant (D)
  7 orc sorcerers (D)
  2 mana vipers (D)
  A lindwurm (D)
  2 orb spiders (D)
  A cyclops (D)
  3 griffons (D)
  4 wolf spiders (D)
  An elephant (D)
  A manticore (D)
  3 black mambas (D)
  A siren (D)
  A torpor snail (D)
  A vault sentinel (D)
  Psyche (D)
  A yaktaur (shapeshifter) (D)
  2 naga magi (D)
  3 spiny frogs (D)
  A komodo dragon (D)
  A yaktaur (D)
  A demonic crawler (D)
  A troll (D)
  A giant leech (D)
  2 freezing wraiths (D)
  2 merfolk (D)
  A snapping turtle (D)
  A boulder beetle (D)
  2 trapdoor spiders (D)
  A blink frog (D)
  A tarantella (D)
  2 wraiths (D)
  A vampire mosquito (D)
  A mottled dragon (D)
  A hippogriff (D)
  3 water moccasins (D)
  A swamp drake (D)
  A black bear (D)
  2 boggarts (D)
  10 orc warriors (D)
  A porcupine (D)
  An ice beast (D)
  A boring beetle (D)
  5 crocodiles (D)
  3 giant frogs (D)
  A big kobold (D)
  6 brain worms (D)
  A crimson imp (D)
  4 orc priests (D)
  10 orc wizards (D)
  An iguana (D)
  An adder (D)
  2 worms (D)
  2 orc zombies (D)
  An adder zombie (D)
  A giant gecko (D)
  7 orcs (D)
  A bat (D)
  A bat skeleton (D)
  A goblin (D)
  3 hobgoblins (D)
  A quokka (D)
  A giant spore (D)
  2 kobolds (D)
  A plant (D)
184 creatures vanquished.

Vanquished Creatures (collateral kills)
  A two-headed ogre (D)
  A sky beast (D)
  A crocodile (D)
  A hound (D)
  A quokka (D)
5 creatures vanquished.

Vanquished Creatures (others)
  6 ice beasts (D)
  A block of ice (D)
7 creatures vanquished.

Grand Total: 196 creatures vanquished

Notes
Turn   | Place    | Note
--------------------------------------------------------------
     0 | D        | BluebellGnoll, the Octopode Ice Elementalist, began the quest for the Orb.
     0 | D        | Reached XP level 1. HP: 11/11 MP: 3/3
    21 | D        | Reached XP level 2. HP: 7/17 MP: 1/6
   218 | D        | Noticed a crimson imp
   218 | D        | Noticed an orc priest
   218 | D        | Noticed an ice beast
   220 | D        | Reached skill level 4 in Spellcasting
   234 | D        | Killed a crimson imp
   234 | D        | Reached skill level 6 in Spellcasting
   234 | D        | Reached XP level 3. HP: 21/21 MP: 0/13
   239 | D        | Killed an orc priest
   239 | D        | Reached skill level 7 in Spellcasting
   239 | D        | Reached XP level 4. HP: 27/27 MP: 1/17
   243 | D        | Killed an ice beast
   243 | D        | Reached skill level 9 in Spellcasting
   243 | D        | Reached XP level 5. HP: 21/31 MP: 1/21
   251 | D        | Found a glowing silver altar of Zin.
   251 | D        | Found a glowing golden altar of the Shining One.
   251 | D        | Found an ancient bone altar of Kikubaaqudgha.
   251 | D        | Found a basalt altar of Yredelemnul.
   251 | D        | Found a shimmering altar of Xom.
   251 | D        | Found a radiant altar of Vehumet.
   251 | D        | Found an iron altar of Okawaru.
   252 | D        | Found a burning altar of Makhleb.
   253 | D        | Found a deep blue altar of Sif Muna.
   254 | D        | Found a bloodstained altar of Trog.
   255 | D        | Found a sparkling altar of Nemelex Xobeh.
   256 | D        | Found a white marble altar of Elyvilon.
   257 | D        | Found a roughly hewn altar of Beogh.
   258 | D        | Found a viscous altar of Jiyva.
   259 | D        | Became a worshipper of Vehumet
   260 | D        | Found a corrupted altar of Lugonu.
   261 | D        | Found a blossoming altar of Fedhas.
   262 | D        | Found a snail-covered altar of Cheibriados.
   263 | D        | Found a shadowy altar of Dithmenos.
   264 | D        | Found a stormy altar of Qazlal.
   265 | D        | Found an opulent altar of Gozag.
   266 | D        | Found a sacrificial altar of Ru.
   285 | D        | Got the +3 war axe "Fuid Mna" {speed, Int+3}
   298 | D        | Learned a level 2 spell: Throw Frost
   302 | D        | Learned a level 3 spell: Ozocubu's Armour
   307 | D        | Learned a level 4 spell: Condensation Shield
   312 | D        | Learned a level 4 spell: Throw Icicle
   317 | D        | Learned a level 4 spell: Summon Ice Beast
   420 | D        | Noticed a black bear
   420 | D        | Noticed a hippogriff
   420 | D        | Noticed an iguana
   420 | D        | Noticed a big kobold
   424 | D        | Killed a black bear
   424 | D        | Reached skill level 5 in Ice Magic
   424 | D        | Reached XP level 6. HP: 36/36 MP: 18/23
   425 | D        | Killed an iguana
   425 | D        | Acquired Vehumet's first power
   425 | D        | Offered knowledge of Magic Dart by Vehumet.
   429 | D        | Killed a hippogriff
   429 | D        | Reached skill level 5 in Conjurations
   433 | D        | Killed a big kobold
   433 | D        | Reached XP level 7. HP: 36/41 MP: 11/24
   550 | D        | Noticed an orc wizard
   550 | D        | Noticed a giant frog
   550 | D        | Noticed a sky beast
   550 | D        | Noticed a two-headed ogre
   550 | D        | Noticed a mottled dragon
   555 | D        | Killed an orc wizard
   562 | D        | Killed a giant frog
   566 | D        | Killed a sky beast
   566 | D        | Acquired Vehumet's second power
   566 | D        | Reached skill level 10 in Ice Magic
   569 | D        | Killed a two-headed ogre
   569 | D        | Reached skill level 11 in Ice Magic
   573 | D        | Killed a mottled dragon
   573 | D        | Reached XP level 8. HP: 43/46 MP: 15/26
   714 | D        | Noticed a crocodile
   714 | D        | Noticed a crocodile
   714 | D        | Noticed a seven-headed hydra
   714 | D        | Noticed a hound
   714 | D        | Noticed a komodo dragon
   717 | D        | Noticed a porcupine
   718 | D        | Killed a crocodile
   718 | D        | Offered knowledge of Sting by Vehumet.
   721 | D        | Noticed a crocodile
   721 | D        | Killed a crocodile
   721 | D        | Acquired Vehumet's third power
   721 | D        | Reached skill level 12 in Ice Magic
   727 | D        | Killed a seven-headed hydra
   727 | D        | Reached skill level 13 in Ice Magic
   727 | D        | Reached XP level 9. HP: 51/51 MP: 6/27
   732 | D        | Killed a hound
   851 | D        | Killed a komodo dragon
   851 | D        | Offered knowledge of Stone Arrow by Vehumet.
   851 | D        | Reached skill level 14 in Ice Magic
   852 | D        | Killed a crocodile
   853 | D        | Killed a porcupine
   924 | D        | Noticed an elephant
   924 | D        | Noticed a crocodile
   924 | D        | Noticed a crocodile
   924 | D        | Noticed a water moccasin
   924 | D        | Noticed a boring beetle
   924 | D        | Noticed a crocodile
   938 | D        | Killed an elephant
   938 | D        | Reached skill level 5 in Dodging
   959 | D        | Killed a crocodile
   960 | D        | Killed a crocodile
  1017 | D        | Killed a water moccasin
  1023 | D        | Killed a boring beetle
  1052 | D        | Offered knowledge of Airstrike by Vehumet.
  1069 | D        | Noticed a giant frog
  1088 | D        | Noticed a blink frog
  1088 | D        | Killed a crocodile
  1097 | D        | Killed a blink frog
  1100 | D        | Killed a giant frog
  1167 | D        | Noticed a lindwurm
  1167 | D        | Noticed a brain worm
  1167 | D        | Noticed a brain worm
  1167 | D        | Noticed a brain worm
  1167 | D        | Noticed a brain worm
  1168 | D        | Noticed a brain worm
  1175 | D        | Killed a brain worm
  1176 | D        | Killed a brain worm
  1178 | D        | Killed a brain worm
  1178 | D        | Killed a brain worm
  1178 | D        | Reached XP level 10. HP: 51/56 MP: 28/28
  1179 | D        | Killed a lindwurm
  1183 | D        | Killed a brain worm
  1201 | D        | Got the ring of Ukhuqin {Contam +Blink rN+ MR+ Int+4}
  1259 | D        | Noticed Erolcha
  1265 | D        | Killed Erolcha
  1265 | D        | Offered knowledge of Iskenderun's Mystic Blast by Vehumet.
  1279 | D        | Noticed Harold
  1284 | D        | Killed Harold
  1494 | D        | Learned a level 4 spell: Iskenderun's Mystic Blast
  1535 | D        | Noticed an orc warrior
  1535 | D        | Noticed an orc priest
  1535 | D        | Noticed an orc priest
  1535 | D        | Noticed an orc high priest
  1535 | D        | Noticed an orc sorcerer
  1536 | D        | Killed an orc warrior
  1536 | D        | Offered knowledge of Iron Shot by Vehumet.
  1536 | D        | Reached skill level 10 in Spellcasting
  1537 | D        | Killed an orc priest
  1538 | D        | Killed an orc priest
  1541 | D        | Killed an orc high priest
  1546 | D        | Noticed an orc warrior
  1548 | D        | Noticed an orc wizard
  1557 | D        | Killed an orc sorcerer
  1558 | D        | Noticed an orc wizard
  1644 | D        | Killed an orc warrior
  1652 | D        | Killed an orc wizard
  1741 | D        | Offered knowledge of Bolt of Magma by Vehumet.
  1763 | D        | Killed an orc wizard
  1803 | D        | Noticed an orc warrior
  1807 | D        | Killed an orc warrior
  1849 | D        | Learned a level 5 spell: Bolt of Magma
  1860 | D        | Noticed an orc warrior
  1860 | D        | Noticed an orc warrior
  1860 | D        | Noticed an orc warrior
  1860 | D        | Noticed an orc knight
  1860 | D        | Noticed an orc warrior
  1860 | D        | Noticed an orc knight
  1862 | D        | Killed an orc warrior
  1862 | D        | Reached skill level 1 in Fire Magic
  1862 | D        | Reached XP level 11. HP: 61/61 MP: 21/31
  1864 | D        | Killed an orc warrior
  1943 | D        | Killed an orc knight
  1943 | D        | Reached skill level 5 in Fire Magic
  1998 | D        | Killed an orc warrior
  1998 | D        | Offered knowledge of Lee's Rapid Deconstruction by Vehumet.
  2018 | D        | Killed an orc knight
  2020 | D        | Killed an orc warrior
  2035 | D        | Noticed an orc knight
  2079 | D        | Killed an orc knight
  2111 | D        | Noticed an orc priest
  2113 | D        | Killed an orc priest
  2141 | D        | Noticed an orc warrior
  2143 | D        | Killed an orc warrior
  2160 | D        | Noticed an orc warrior
  2161 | D        | Killed an orc warrior
  2196 | D        | Found Thrammel's Distillery.
  2196 | D        | Noticed an orc wizard
  2196 | D        | Noticed an orc wizard
  2196 | D        | Noticed an orc wizard
  2196 | D        | Noticed an orc sorcerer
  2196 | D        | Noticed an orc wizard
  2196 | D        | Noticed an orc wizard
  2197 | D        | Found Thaer's Weapon Shoppe.
  2198 | D        | Killed an orc wizard
  2199 | D        | Killed an orc wizard
  2199 | D        | Offered knowledge of Ozocubu's Refrigeration by Vehumet.
  2199 | D        | Reached skill level 1 in Evocations
  2200 | D        | Noticed an orc sorcerer
  2201 | D        | Killed an orc wizard
  2202 | D        | Killed an orc sorcerer
  2203 | D        | Found Qauda's Distillery.
  2206 | D        | Noticed an orc sorcerer
  2206 | D        | Killed an orc wizard
  2206 | D        | Reached skill level 5 in Evocations
  2207 | D        | Killed an orc wizard
  2209 | D        | Killed an orc sorcerer
  2212 | D        | Killed an orc sorcerer
  2215 | D        | Found Xudahuq's Book Shoppe.
  2217 | D        | Noticed an orc sorcerer
  2269 | D        | Noticed an orc wizard
  2270 | D        | Noticed an orc sorcerer
  2271 | D        | Noticed an orc sorcerer
  2273 | D        | Noticed a soul eater
  2273 | D        | Killed an orc sorcerer
  2281 | D        | Noticed an ice devil
  2281 | D        | Killed an orc sorcerer
  2282 | D        | Noticed an orc wizard
  2285 | D        | Killed an orc sorcerer
  2286 | D        | Killed an orc wizard
  2287 | D        | Killed an orc wizard
  2370 | D        | Bought a potion of haste for 130 gold pieces
  2370 | D        | Bought a potion of heal wounds for 65 gold pieces
  2370 | D        | Bought a potion of heal wounds for 65 gold pieces
  2372 | D        | Bought a Young Poisoner's Handbook for 400 gold pieces
  2372 | D        | Bought a book of Hinderance for 200 gold pieces
  2374 | D        | Bought a potion of magic for 104 gold pieces
  2374 | D        | Bought a potion of cancellation for 104 gold pieces
  2374 | D        | Bought a potion of cancellation for 104 gold pieces
  2374 | D        | Bought a potion of invisibility for 104 gold pieces
  2374 | D        | Bought 2 potions of invisibility for 208 gold pieces
  2374 | D        | Bought a potion of might for 52 gold pieces
  2389 | D        | Learned a level 3 spell: Mephitic Cloud
  2403 | D        | Noticed Psyche
  2406 | D        | Killed Psyche
  2406 | D        | Offered knowledge of Freezing Cloud by Vehumet.
  2458 | D        | Noticed Erica
  2460 | D        | Upgraded the game from 0.16-a0-4097-gb4d75fa to 0.16-a0-4108-g6e49b0d
  2463 | D        | Killed Erica
  2557 | D        | Learned a level 6 spell: Freezing Cloud
  2570 | D        | Noticed a six-headed hydra
  2570 | D        | Noticed a troll
  2570 | D        | Noticed a freezing wraith
  2570 | D        | Noticed an orc warrior
  2570 | D        | Noticed a brain worm
  2577 | D        | Killed a six-headed hydra
  2578 | D        | Killed a troll
  2581 | D        | Killed a freezing wraith
  2627 | D        | Killed an orc warrior
  2658 | D        | Killed a brain worm
  2696 | D        | Noticed a giant frog
  2698 | D        | Killed a giant frog
  2711 | D        | Noticed a fire dragon
  2725 | D        | Killed a fire dragon
  2725 | D        | Reached XP level 12. HP: 66/66 MP: 32/34
  2728 | D        | Noticed a yaktaur
  2731 | D        | Killed a yaktaur
  2731 | D        | Offered knowledge of Poison Arrow by Vehumet.
  2743 | D        | Noticed an ettin
  2748 | D        | Killed an ettin
  2748 | D        | Reached skill level 15 in Spellcasting
  2779 | D        | Noticed a boggart
  2781 | D        | Killed a boggart
  2801 | D        | Noticed a hill giant
  2802 | D        | Noticed a stone giant
  2807 | D        | Killed a hill giant
  2817 | D        | Killed a stone giant
  2817 | D        | Reached skill level 16 in Spellcasting
  2850 | D        | Noticed a brown very ugly thing
  2858 | D        | Killed a brown very ugly thing
  3093 | D        | Noticed a merfolk
  3093 | D        | Noticed a griffon
  3093 | D        | Noticed a griffon
  3093 | D        | Noticed a merfolk impaler
  3093 | D        | Noticed a snapping turtle
  3093 | D        | Noticed a griffon
  3093 | D        | Noticed a siren
  3095 | D        | Killed a sea snake
  3095 | D        | Killed a siren
  3095 | D        | Offered knowledge of Delayed Fireball by Vehumet.
  3095 | D        | Killed a merfolk
  3097 | D        | Killed a merfolk impaler
  3098 | D        | Killed a griffon
  3098 | D        | Killed a merfolk
  3098 | D        | Killed a snapping turtle
  3099 | D        | Killed a griffon
  3103 | D        | Killed a griffon
  3159 | D        | Noticed a water moccasin
  3159 | D        | Noticed a naga mage
  3159 | D        | Noticed a naga mage
  3159 | D        | Noticed a mana viper
  3159 | D        | Noticed a black mamba
  3159 | D        | Noticed a mana viper
  3159 | D        | Noticed a black mamba
  3162 | D        | Killed a water moccasin
  3162 | D        | Killed a black mamba
  3162 | D        | Reached skill level 10 in Conjurations
  3162 | D        | Killed a water moccasin
  3163 | D        | Killed a naga mage
  3163 | D        | Killed a naga mage
  3163 | D        | Killed a black mamba
  3163 | D        | Killed a mana viper
  3164 | D        | Noticed a black mamba
  3164 | D        | Killed a black mamba
  3164 | D        | Killed a mana viper
  3164 | D        | Reached XP level 13. HP: 62/71 MP: 31/36
  3264 | D        | Noticed a wolf spider
  3264 | D        | Noticed an orb spider
  3264 | D        | Noticed a torpor snail
  3264 | D        | Noticed an orb spider
  3264 | D        | Noticed a wolf spider
  3266 | D        | Noticed a tarantella
  3267 | D        | Killed an orb spider
  3267 | D        | Killed a tarantella
  3267 | D        | Killed a trapdoor spider
  3268 | D        | Killed a wolf spider
  3268 | D        | Killed an orb spider
  3268 | D        | Killed a trapdoor spider
  3269 | D        | Killed a wolf spider
  3270 | D        | Killed a torpor snail
  3271 | D        | Noticed a demonic crawler
  3274 | D        | Killed a demonic crawler
  3338 | D        | Noticed a spiny frog
  3338 | D        | Noticed a swamp drake
  3338 | D        | Noticed a shambling mangrove
  3338 | D        | Noticed a spiny frog
  3338 | D        | Noticed a five-headed hydra
  3338 | D        | Noticed a giant leech
  3340 | D        | Killed a spiny frog
  3340 | D        | Offered knowledge of Lehudib's Crystal Spear by Vehumet.
  3340 | D        | Offered knowledge of Glaciate by Vehumet.
  3340 | D        | Offered knowledge of Shatter by Vehumet.
  3340 | D        | Reached skill level 1 in Air Magic
  3340 | D        | Killed a spiny frog
  3341 | D        | Killed a swamp drake
  3341 | D        | Killed a five-headed hydra
  3341 | D        | Reached skill level 5 in Stealth
  3341 | D        | Killed a giant leech
  3341 | D        | Reached skill level 5 in Air Magic
  3341 | D        | Killed a spiny frog
  3350 | D        | Killed a shambling mangrove
  3355 | D        | Noticed a vampire mosquito
  3357 | D        | Killed a vampire mosquito
  3628 | D        | Noticed a rakshasa
  3628 | D        | Noticed a manticore
  3628 | D        | Noticed a rakshasa
  3628 | D        | Noticed a dire elephant
  3628 | D        | Noticed a fire dragon
  3628 | D        | Noticed a giant orange brain
  3628 | D        | Noticed a yaktaur captain
  3630 | D        | Killed a manticore
  3632 | D        | Killed a rakshasa
  3632 | D        | Reached skill level 15 in Ice Magic
  3632 | D        | Killed a rakshasa
  3634 | D        | Killed a giant orange brain
  3634 | D        | Killed a fire dragon
  3636 | D        | Killed a dire elephant
  3636 | D        | Killed a yaktaur captain
  3636 | D        | Reached skill level 15 in Conjurations
  3637 | D        | Noticed a fire giant
  3640 | D        | Noticed a deep troll earth mage
  3641 | D        | Killed a fire giant
  3650 | D        | Killed a deep troll earth mage
  3660 | D        | Noticed a catoblepas
  3666 | D        | Noticed a lich
  3694 | D        | Killed a catoblepas
  3749 | D        | Noticed a minotaur
  3753 | D        | Killed a lich
  3753 | D        | Reached skill level 17 in Ice Magic
  3760 | D        | Killed a minotaur
  3764 | D        | Noticed a lich
  3894 | D        | Killed a lich
  3894 | D        | Reached XP level 14. HP: 76/76 MP: 8/37
  4024 | D        | Noticed a deep troll earth mage
  4026 | D        | Killed a boggart
  4028 | D        | Killed a necromancer
  4030 | D        | Killed a deep troll earth mage
  4034 | D        | Noticed a green very ugly thing
  4036 | D        | Noticed a death yak
  4037 | D        | Killed a green very ugly thing
  4058 | D        | Killed a death yak
  4101 | D        | Noticed an orc knight
  4101 | D        | Noticed an ironbrand convoker
  4101 | D        | Noticed a yaktaur captain
  4101 | D        | Noticed a sphinx
  4101 | D        | Noticed a centaur warrior
  4101 | D        | Noticed a skeletal warrior
  4101 | D        | Noticed a wraith
  4105 | D        | Killed an ironbrand convoker
  4105 | D        | Reached skill level 18 in Conjurations
  4106 | D        | Killed a yaktaur
  4107 | D        | Killed a centaur warrior
  4108 | D        | Killed a yaktaur captain
  4110 | D        | Killed an orc knight
  4113 | D        | Killed a sphinx
  4113 | D        | Reached skill level 19 in Conjurations
  4116 | D        | Killed a skeletal warrior
  4117 | D        | Killed a wraith
  4122 | D        | Noticed an orc knight
  4123 | D        | Noticed a cyclops
  4128 | D        | Noticed a wraith
  4129 | D        | Noticed an ettin
  4131 | D        | Killed an orc knight
  4131 | D        | Killed a cyclops
  4134 | D        | Noticed an orc knight
  4134 | D        | Killed a wraith
  4136 | D        | Noticed an ironheart preserver
  4216 | D        | Killed an ettin
  4249 | D        | Killed an orc knight
  4257 | D        | Killed an ironheart preserver
  4293 | D        | Noticed an ogre mage
  4297 | D        | Noticed a wolf spider
  4297 | D        | Killed a wolf spider
  4297 | D        | Killed an ogre mage
  4297 | D        | Reached skill level 20 in Conjurations
  4300 | D        | Noticed a boulder beetle
  4307 | D        | Killed a boulder beetle
  4314 | D        | Noticed a centaur warrior
  4316 | D        | Killed a centaur warrior
  4327 | D        | Noticed a wolf spider
  4346 | D        | Killed a wolf spider
  4369 | D        | Noticed a freezing wraith
  4371 | D        | Noticed a vault sentinel
  4374 | D        | Killed a freezing wraith
  4377 | D        | Killed a vault sentinel
  4449 | D        | Noticed Jory
  4467 | D        | Killed Jory
  4598 | D        | Learned a level 9 spell: Glaciate
  4600 | D        | Noticed Mennas
  4602 | D        | Noticed Frederick
  4618 | D        | Killed Mennas
  4618 | D        | Reached skill level 21 in Conjurations
  4707 | D        | Killed Frederick
  4707 | D        | Reached XP level 15. HP: 81/81 MP: 32/38
  4776 | D        | Got the +2 glaive "Warana" {venom, rPois Int+5}
  4895 | D        | Noticed Norris
  4904 | D        | Killed a hell knight
  4911 | D        | Noticed a hell knight
  4915 | D        | Killed Norris
  4918 | D        | Noticed a hell knight
  4919 | D        | Noticed Margery
  4929 | D        | Killed a hell knight
  4929 | D        | Killed a hell knight
  4937 | D        | Engulfed by a cloud of freezing vapour

Action                   |  1- 3 |  4- 6 |  7- 9 | 10-12 | 13-15 || total
-------------------------+-------+-------+-------+-------+-------++-------
Melee: Unarmed           |    20 |     4 |       |       |       ||    24
       Halberd           |       |       |     2 |     1 |       ||     3
       Morningstar       |       |       |     7 |     6 |     2 ||    15
       Rapier            |       |       |       |     8 |       ||     8
       Staff             |       |       |       |     5 |       ||     5
 Cast: Freeze            |    12 |     9 |    33 |     9 |       ||    63
       Throw Frost       |       |     2 |     5 |    12 |     1 ||    20
       Ozocubu's Armour  |       |     1 |     8 |    10 |    16 ||    35
       Condensation Shie |       |       |     9 |    11 |     6 ||    26
       Summon Ice Beast  |       |       |     9 |     4 |       ||    13
       Throw Icicle      |       |       |    23 |    87 |    47 ||   157
       Bolt of Magma     |       |       |       |    13 |    35 ||    48
       Mephitic Cloud    |       |       |       |     3 |    14 ||    17
       Freezing Cloud    |       |       |       |     9 |    13 ||    22
       Iskenderun's Myst |       |       |       |       |     7 ||     7
       Glaciate          |       |       |       |       |     4 ||     4
Evoke: Staff of energy   |       |     2 |    48 |    86 |    86 ||   222
       Wand              |       |     1 |     4 |     2 |     3 ||    10
  Use: Potion            |     5 |       |       |     1 |     2 ||     8
       Scroll            |       |       |       |     7 |       ||     7
 Stab: Sleeping          |       |       |       |     1 |       ||     1
  Eat: Chunk             |       |       |     4 |    12 |     7 ||    23
       Beef jerky        |       |       |       |     1 |       ||     1
       Fruit             |       |       |       |       |     2 ||     2
       Bread ration      |       |       |       |       |     1 ||     1
